 Dungeon Crawl Stone Soup version 0.18-a0-1343-g48c8f86 (webtiles) character file.

93 M4edhros the Charlatan (level 4, 0/28 HPs)
             Began as an Octopode Artificer on Feb 16, 2016.
             Slain by a giant cockroach (1 damage)
             ... on level 4 of the Dungeon.
             The game lasted 00:03:14 (1498 turns).

M4edhros the Charlatan (Octopode Artificer)         Turns: 1498, Time: 00:03:15

Health: 0/28       AC:  1    Str: 10    XL:     4   Next: 62%
Magic:  7/7        EV: 13    Int: 15    God:
Gold:   220        SH:  0    Dex: 12    Spells: 0 memorised, 3 levels left

rFire  + + .     SeeInvis .     a - +0 short sword
rCold  x . .     Gourm    .     (no shield)
rNeg   . . .     Faith    .     (helmet restricted)
rPois  .         Spirit   .     (no amulet)
rElec  .         Dismiss  .     l - ring of fire
rCorr  .         Reflect  .     k - ring of protection from fire
SustAt .         Harm     .     (no ring)
MR     .....                    (no ring)
Stlth  +++.......               (no ring)
                                (no ring)
                                (no ring)
                                (no ring)

@: not resistant to hostile enchantments, fairly stealthy
A: almost no armour, amphibious, 8 rings, constrict 8, camouflage 1, gelatinous
body 1
a: no special abilities


You were on level 4 of the Dungeon.
You were hungry.

You visited 1 branch of the dungeon, and saw 4 of its levels.

You collected 220 gold pieces.

Inventory:

Hand Weapons
 a - a +0 short sword (weapon)
Jewellery
 k - a ring of protection from fire (right tentacle)
 l - a ring of fire (left tentacle)
Wands
 b - a wand of flame (12/48)
 c - a wand of enslavement (11/24)
 d - a wand of random effects (11/48)
 m - a wand of flame (19/48)
Scrolls
 e - 2 scrolls of blinking {unknown}
 g - 2 scrolls of remove curse {unknown}
 h - a scroll of recharging {unknown}
 i - a scroll of teleportation {unknown}
 n - a scroll of magic mapping {unknown}
 o - a scroll of random uselessness {unknown}
 p - 3 scrolls of identify {unknown}
Comestibles
 f - 3 bread rations
 j - a beef jerky
 q - a slice of pizza
 r - a meat ration


   Skills:
 - Level 1.4 Fighting
 - Level 1.4 Short Blades
 - Level 3.0 Dodging
 + Level 2.7 Stealth
 - Level 4.3 Evocations


You had 3 spell levels left.
You didn't know any spells.

Dungeon Overview and Level Annotations

Branches:
Dungeon (4/15)
 Temple: D:4-7

Altars:

Annotations:
D:2 Robin
D:4 Eustachio


Innate Abilities, Weirdness & Mutations

You cannot wear most types of armour.
You are amphibious.
You can wear up to eight rings at the same time.
You can use your tentacles to constrict eight enemies at once.
Your skin changes colour to match your surroundings (Stealth).
Your rubbery body absorbs attacks (AC +1).


Message History

The giant cockroach is moderately wounded.
The giant cockroach barely misses you.
You closely miss the giant cockroach. Your grab misses the giant cockroach.
The giant cockroach is moderately wounded.
The giant cockroach bites you.
* * * LOW HITPOINT WARNING * * *
Evoke which item? (* to show all) (? for menu, Esc to quit)
Zapping:
b - a wand of flame (13/48)
Press: ? - help, Shift-Dir - straight line, f - giant cockroach
Aim: a giant cockroach (moderately wounded, clinging)
The puff of flame hits the giant cockroach.
The giant cockroach is heavily wounded.
This wand has 12 charges left.
The giant cockroach closely misses you.
You hit the giant cockroach but do no damage.
You grab the giant cockroach.
The giant cockroach is heavily wounded.
You constrict the giant cockroach, but do no damage.
The giant cockroach completely misses you.
The giant cockroach bites you.
You die...

#......#.#
#.....<##.#.#
######...#
#.####.##.#.#
#..####.#
#......#
#..##...#
####.###
#..##.### #.#
##..##.# #.#
#...##.#
#######.# #
##.###.#
#.......# #
#.# #>#
#@#######
########.###.#
#s#
.............#
#.###
########.#####
#.#.. #.#
#.#.# .. #.#
#.#.# #.# #.#
#.#)# #.# # #
..### #.#.#
#.##.##.
.....# #.#..#
#......


You could see a giant cockroach.

Vanquished Creatures
  A crimson imp (D:4)
  2 adders (D:2)
  3 giant geckos
  3 bats
  9 goblins
  6 hobgoblins
  2 quokkas
  A giant newt (D:1)
  2 kobolds (D:1)
  A quokka skeleton (D:4)
  6 rats
36 creatures vanquished.

Vanquished Creatures (others)
  A bat (D:2)
  A goblin (D:2)
  A quokka (D:3)
3 creatures vanquished.

Grand Total: 39 creatures vanquished

Notes
Turn   | Place    | Note
--------------------------------------------------------------
     0 | D:1      | M4edhros the Octopode Artificer began the quest for the Orb.
     0 | D:1      | Reached XP level 1. HP: 13/13 MP: 3/3
   121 | D:1      | Reached XP level 2. HP: 8/18 MP: 4/4
   551 | D:1      | Reached skill level 4 in Evocations
   691 | D:2      | Reached XP level 3. HP: 17/23 MP: 6/6
   693 | D:2      | Noticed Robin
  1354 | D:4      | Reached XP level 4. HP: 21/28 MP: 7/7
  1457 | D:4      | Noticed Eustachio
  1491 | D:4      | HP: 1/28 [river rat[Eustachio] (6)]
  1496 | D:4      | HP: 1/28 [giant cockroach (1)]
  1498 | D:4      | Slain by a giant cockroach

Vault maps used:
D:1:      elethiomel_arrival_maze
D:2:      uniq_robin
D:3:      first_bread, elyvilon_altar_4, uniq_iyjb
D:4:      grunt_temple_overflow_open, uniq_eustachio

Action                   |  1- 3 |  4- 6 || total
-------------------------+-------+-------++-------
Melee: Short sword       |    78 |    20 ||    98
Evoke: Wand              |     4 |     7 ||    11
  Use: Potion            |     2 |       ||     2
 Stab: Sleeping          |     4 |       ||     4
  Eat: Chunk             |       |     1 ||     1
